 Dungeon Crawl Stone Soup version 0.18-a0-1197-g8004e50 (webtiles) character file.

337 krabocopter the Ruffian (level 6, -3/47 HPs)
             Began as a Draconian Transmuter on Jan 30, 2016.
             Killed by nerve-wracking pain
             ... invoked by an orc priest
              (14 damage)
             ... on level 4 of the Dungeon.
             The game lasted 00:12:31 (3141 turns).

krabocopter the Ruffian (Draconian Transmuter)      Turns: 3141, Time: 00:12:31

Health: -3/47      AC:  6    Str: 13    XL:     6   Next: 28%
Magic:  9/10       EV: 13    Int: 14    God:
Gold:   167        SH:  0    Dex: 12    Spells: 1 memorised, 10 levels left

rFire  . . .     SeeInvis .       - Unarmed
rCold  . . .     Gourm    .     (armour unavailable)
rNeg   . . .     Faith    .     (no shield)
rPois  .         Spirit   .     (helmet restricted)
rElec  .         Dismiss  .     (no cloak)
rCorr  .         Reflect  .     (no gloves)
SustAt .         Harm     .     (no boots)
MR     .....                    (no amulet)
Stlth  +.........               (no ring)
                                (no ring)

@: appendage, not resistant to hostile enchantments, very unstealthy
A: unfitting armour, horns 2, cold-blooded, AC +6
a: End Transformation


You were on level 4 of the Dungeon.
You were not hungry.
You had grown temporary horns.
You visited 1 branch of the dungeon, and saw 4 of its levels.

You collected 167 gold pieces.

Inventory:

Missiles
 a - 37 arrows
Jewellery
 j - an uncursed ring of wizardry {unknown}
Scrolls
 d - a scroll of noise {unknown}
 e - 6 scrolls of identify {unknown}
 g - 2 scrolls of random uselessness {unknown}
 h - a scroll of amnesia {unknown}
 k - a scroll of magic mapping {unknown}
 l - 3 scrolls of enchant weapon {unknown}
Potions
 m - a potion of curing
 n - a potion of magic {unknown}
 p - a potion of mutation {unknown}
 q - a potion of lignification {unknown}
Books
 b - a book of Changes

   Spells                             Type                      Level
   a - Beastly Appendage              Transmutation                1
   b - Sticks to Snakes               Transmutation                2
   c - Spider Form                    Transmutation/Poison         3
   d - Ice Form                       Ice/Transmutation            4
   e - Blade Hands                    Transmutation                5
Comestibles
 c - 4 bread rations
 f - a chunk of flesh
 i - a meat ration
 o - a fruit


   Skills:
 - Level 1.1 Fighting
 - Level 3.3 Dodging
 - Level 4.4 Unarmed Combat
 + Level 3.2 Spellcasting
 + Level 3.9 Transmutations


You had 10 spell levels left.
You knew the following spells:

 Your Spells              Type           Power        Failure   Level  Hunger
a - Beastly Appendage     Trmt           ##....       4%          1    #......


Dungeon Overview and Level Annotations

Branches:
Dungeon (4/15)
 Temple: D:4-7

Altars:
Ashenzari
Pakellas
Xom
Zin

Shops:
D:2 }

Annotations:
D:4 yogakurto's ghost, amateur VSWr


Innate Abilities, Weirdness & Mutations

Your plain brown scales are hard (AC +6).
Your body does not fit into most forms of armour.
You are cold-blooded and may be slowed by cold attacks.
You have a pair of horns on your head.


Message History

The orc priest misses you.
You closely miss the orc priest.
The orc priest is severely wounded.
The orc priest closely misses you.
You hit the orc priest but do no damage.
The orc priest is heavily wounded.
Your talons disappear.
You hit the orc priest but do no damage.
The orc priest is heavily wounded.
The orc priest hits you with a mace.
Casting: Beastly Appendage
Confirm with . or Enter, or press ? or * to list all spells.
You grow a pair of large bovine horns.
The orc priest hits you with a mace.
* * * LOW HITPOINT WARNING * * *
You hit the orc priest.
You punch the orc priest, but do no damage.
The orc priest is severely wounded.
The orc priest mumbles some strange prayers to Beogh against you.
Pain shoots through your body!
You die...

....#.....##
.oo........##
.........(..#
............#####
............#...#
............#...#
............#..>#
..........l.#.).#
...........##@..#
....#.......o..##
### ###.#..###.#
####
#...###.........
#..# ##.###
#.####.#..
####..###..# ..#
#......#..[####.#
##..............#
##..##......###


You could see an orc priest.

Vanquished Creatures
  An ogre (D:3)
  An orc wizard (D:4)
  An orc priest (D:3)
  Jessica (D:3)
  A hound zombie (D:3)
  A hound skeleton (D:4)
  3 adders (D:2)
  3 worms (D:2)
  2 giant geckos
  9 orcs
  A ball python (D:2)
  9 bats
  4 giant cockroaches
  8 goblins
  5 hobgoblins
  17 jackals
  4 kobolds
  5 quokkas
  3 giant newts
  A jackal skeleton (D:4)
  9 rats
89 creatures vanquished.

Notes
Turn   | Place    | Note
--------------------------------------------------------------
     0 | D:1      | krabocopter the Draconian Transmuter began the quest for the Orb.
     0 | D:1      | Reached XP level 1. HP: 16/16 MP: 3/3
   207 | D:1      | Reached XP level 2. HP: 20/23 MP: 5/5
   872 | D:2      | Reached XP level 3. HP: 21/28 MP: 6/6
  1160 | D:2      | Reached skill level 4 in Unarmed Combat
  1267 | D:2      | Reached XP level 4. HP: 31/35 MP: 7/7
  1402 | D:2      | Found an oddly glowing altar of Pakellas.
  1402 | D:2      | Found Pakellas's Prime Provisions.
  1764 | D:3      | Noticed Jessica
  1778 | D:3      | Killed Jessica
  2013 | D:3      | Reached XP level 5. HP: 35/40 MP: 8/8
  2026 | D:3      | Found a shimmering altar of Xom.
  2294 | D:3      | Found a glowing silver altar of Zin.
  2360 | D:3      | Noticed an ogre
  2679 | D:3      | Killed an ogre
  2679 | D:3      | Reached XP level 6. HP: 16/47 MP: 7/10
  2865 | D:4      | Noticed yogakurto's ghost (amateur VSWr)
  3057 | D:4      | Found a shattered altar of Ashenzari.
  3141 | D:4      | Killed from afar by an orc priest

Vault maps used:
D:1:      saegor_arrival_simple_d
D:2:      johnstein_pakellas_shop, first_bread, minmay_bisected
D:3:      zin_statuary, tgw_xom, uniq_jessica
D:4:      grunt_dithmenos_shadows, kennysheep_little_box, temple_hall,
          roderic_roman_lattice

Action                   |  1- 3 |  4- 6 || total
-------------------------+-------+-------++-------
Melee: Unarmed           |   155 |   244 ||   399
 Cast: Beastly Appendage |     7 |    15 ||    22
  Use: Potion            |     2 |       ||     2
 Stab: Sleeping          |     1 |       ||     1
  Eat: Chunk             |     1 |     7 ||     8
